Unix NetHack Version 5.0.0-0 post-release - last build Jun 10 2026 00:39:30 (3ee93aec679c4c4259841fe613dc97188e26a321,branch:main).

Game began 2026-06-28 22:36:55, ended 2026-06-28 22:51:38.

Brudee, chaotic female human Rogue

--
|..      ----               ----
|....   --...---          --...|
 -..... |......*-       -......----
   -.............-------.(........--
 ---..............G*@G.[...........|
 |..................d..............----
 |.............^.....)................|
 --0.  ----....-....)..----.....%.....------
          |................................-
          -- ------..-------  ........----
              ---.--..|        .........
              |....--.|         ..........
              |.....|.|          ...........
             --.......|           ............
             |...<....|             ..--.......-
             --..|.|.--             ---   ..| ..|
              --------                     --  --

Brudee the Cutpurse     St:15 Dx:18 Co:13 In:9 Wi:10 Ch:10  Chaotic S:718
Dlvl:4  $:20 HP:0(26) Pw:19(19) AC:7  Xp:4/137 T:965 

Latest messages:
 You are beginning to feel weak.
 The gnome lord picks up a red gem.
 The dwarf picks up a crossbow.
 The gnome picks up a +0 dagger.
 Shaggy misses the dwarf.
 Shaggy misses the dwarf.
 Shaggy bites the dwarf.
 The dwarf is killed!
 In what direction? h
 You throw 2 daggers.
 The 1st dagger hits the gnome lord.
 The 2nd dagger hits the gnome lord.
 In what direction? h
 The dagger hits the gnome lord.
 The gnome lord hits!
 In what direction? h
 The dagger hits the gnome lord.
 The gnome lord hits!
 You hit the gnome lord.
 The gnome lord turns to flee.
 The gnome throws a dagger!
 A dagger misses you.
 The gnome hurls an effervescent potion!
 The effervescent potion misses the gnome lord.
 The bottle crashes on your head and breaks into shards.
 You hear the howling of the CwnAnnwn...
 The effervescent potion evaporates.
 Something seems to be holding you.
 The gnome lord picks up 2 +0 daggers.
 You can move again.
 Are you sure you want to pray? [yn] (n) y
 You begin praying to Kos.
 You are surrounded by a shimmering light.
 The gnome lord wields 2 +0 daggers!
 The gnome picks up a hooded cloak.
 The gnome picks up 2 +0 daggers.
 Shaggy bites the gnome lord.
 The gnome lord thrusts one of his daggers at Shaggy.
 The gnome lord misses Shaggy.
 Shaggy bites the gnome lord.
 The gnome lord is killed!
 The gnome wields 3 +0 daggers!
 You finish your prayer.
 You feel that Kos is well-pleased.
 Your stomach feels content.
 You hit the gnome!
 Shaggy bites the gnome.
 The gnome hits!
 You die...
 Do you want your possessions identified? [ynq] (y) q

Inventory:
 Coins    ('$')
  $ - 20 gold pieces
 Weapons  (')')
  h - 3 +0 daggers (at the ready)
  k - a +0 katana (weapon in right hand)
  a - a blessed +0 short sword
 Armor    ('[')
  c - a blessed +1 leather armor (being worn)
 Comestibles  ('%')
  r - an uncursed banana
  t - an uncursed lembas wafer
  i - 2 uncursed pears
  q - an uncursed lichen corpse
 Scrolls  ('?')
  m - an uncursed scroll of enchant armor
 Spellbooks  ('+')
  j - an uncursed spellbook of healing
 Potions  ('!')
  u - an uncursed potion of enlightenment
  o - an uncursed potion of gain level
  n - a blessed potion of healing
  l - 2 uncursed potions of healing
  g - an uncursed potion of object detection
  d - an uncursed potion of sickness
  v - an uncursed potion of water
 Tools    ('(')
  f - an empty uncursed sack
  e - an uncursed lock pick
 Gems/Stones  ('*')
  s - an uncursed worthless piece of green glass
  p - an uncursed worthless piece of red glass

Brudee the Rogue's attributes:

Background:
 You were a Cutpurse, a level 4 female human Rogue.
 You were chaotic, on a mission for Kos
 who was opposed by Issek (lawful) and Mog (neutral).
 You were right-handed.
 You were in the Gnomish Mines, on level 4.
 You entered the dungeon 965 turns ago.
 It was nighttime.
 You had 137 experience points, 23 more were needed to attain level 5.
 Your score was 718 before end-of-game adjustments.

Basics:
 You had 0 out of 26 hit points.
 You had all 19 energy points (spell power).
 Your armor class was 7.
 Your wallet contained 20 zorkmids.
 Autopickup was on for '$!=+?/"' plus thrown.

Final Characteristics:
 Your strength was 15 (limit:18/100).
 Your dexterity was 18 (limit:18).
 Your constitution was 13 (limit:18).
 Your intelligence was 9 (limit:18).
 Your wisdom was 10 (limit:18).
 Your charisma was 10 (limit:18).

Final Status:
 You weren't hungry.
 You were unencumbered.
 You were wielding a long sword.
 You had basic skill with long sword.

Final Attributes:
 You were devoutly aligned.
 You were stealthy.
 You were warded.
 You are dead.

Miscellaneous:
 You didn't encounter any bones levels.
 Total elapsed playing time was 14 minutes and 42 seconds.

Major events:
 Turn
    1: Brudee the chaotic female human Rogue entered the dungeon
  712: attained the rank of Cutpurse (level 3)
  928: entered the Gnomish Mines
  965: killed by a gnome

You didn't know any spells.

Skills:
 Fighting Skills
   bare handed combat [Unskilled]
   two weapon combat  [Unskilled]
   riding             [Unskilled]
 Weapon Skills
   dagger             [Basic]
   knife              [Unskilled]
   short sword        [Basic]
   broadsword         [Unskilled]
   long sword         [Basic]
   two-handed sword   [Unskilled]
   saber              [Unskilled]
   club               [Unskilled]
   mace               [Unskilled]
   morning star       [Unskilled]
   flail              [Unskilled]
   hammer             [Unskilled]
   polearms           [Unskilled]
   spear              [Unskilled]
   crossbow           [Unskilled]
   dart               [Unskilled]
   shuriken           [Unskilled]
 Spellcasting Skills
   divination spells  [Unskilled]
   escape spells      [Unskilled]
   matter spells      [Unskilled]

Voluntary challenges:
 Character rerolling was not enabled.
 You never genocided any monsters.
 You never polymorphed an object.
 You never changed form.
 You used no wishes.
Achievements:
 You entered a shop.
 You attained the rank of Cutpurse.
 You entered the Gnomish Mines.

 The Dungeons of Doom: levels 1 to 3
    Level 1:
       Many fountains.
    Level 2:
    Level 3:
       A potion shop, a fountain.
       Stairs down to The Gnomish Mines.
 The Gnomish Mines:
    Level 4: <- You were here.
       Final resting place for
          you, killed by a gnome.


Vanquished creatures:
  2 small mimics
  a gnome leader
  a dwarf
  2 orc zombies
  a dwarf zombie
  a gas spore
  2 gnomes
  5 gnome zombies
  a gecko
  4 jackals
  a kobold
  2 goblins
  2 grid bugs
  2 lichens
  a kobold zombie
  6 newts
34 creatures vanquished.

No species were genocided or became extinct.

Game over:
                       ----------
                      /          \
                     /    REST    \
                    /      IN      \
                   /     PEACE      \
                  /                  \
                  |      Brudee      |
                  |      20 Au       |
                  |   killed by a    |
                  |      gnome       |
                  |                  |
                  |                  |
                  |       2026       |
                 *|     *  *  *      | *
        _________)/\\_//(\/(/\)/\//\/|_)_______

Goodbye Brudee the Rogue...

You died in The Gnomish Mines on dungeon level 4 with 716 points,
and 20 pieces of gold, after 965 moves.
You were level 4 with a maximum of 26 hit points when you died.

